 Dungeon Crawl Stone Soup version 0.32-a0-433-g08bcfe7efd (webtiles) character file.

Game seed: 6109130821443060831

110 pokeman the Magician (level 4, -6/25 HPs)
             Began as a Deep Elf Hedge Wizard on Feb 23, 2024.
             Mangled by an ice beast (12 damage)
             ... on level 3 of the Dungeon.
             The game lasted 00:04:44 (2972 turns).

pokeman the Magician (Deep Elf Hedge Wizard)        Turns: 2972, Time: 00:04:45

Health: -6/25      AC:  6    Str:  7    XL:     4   Next: 61%
Magic:  3/13       EV: 12    Int: 21    God:
Gold:   129        SH:  0    Dex: 14    Spells: 6/14 levels left

rFire   . . .        a - +0 dagger
rCold   . . .        (no shield)
rNeg    . . .        b - +0 robe
rPois   .            c - +0 hat
rElec   .            (no cloak)
rCorr   .            (no gloves)
SInv    .            (no boots)
Will    .....        (no amulet)
Stlth   ++           l - +4 ring of protection
HPRegen 0.24/turn    (no ring)
MPRegen 0.13/turn

%: no passive effects
@: no status effects
A: no striking features
a: no special abilities


You were on level 3 of the Dungeon.
You visited 1 branch of the dungeon, and saw 3 of its levels.

You collected 129 gold pieces.

Inventory:

Hand Weapons
 a - a +0 dagger (weapon)
Armour
 b - a +0 robe (worn)
 c - a +0 hat (worn)
Jewellery
 l - a +4 ring of protection (left hand)
Scrolls
 e - 3 scrolls of identify {unknown}
 f - a scroll of enchant armour {unknown}
 h - a scroll of immolation {unknown}
 j - a scroll of noise {unknown}
 k - 2 scrolls of fear {unknown}
 m - a scroll of amnesia {unknown}
Potions
 d - a potion of magic
 g - a potion of attraction {unknown}
 i - a potion of mutation {unknown}


   Skills:
 - Level 1.0 Fighting
 - Level 1.0 Armour
 + Level 2.8 Dodging
 + Level 2.9 Stealth
 * Level 5.8 Spellcasting
 + Level 2.3 Conjurations
 - Level 1.1 Summonings
 - Level 1.1 Translocations


You had 6 spell levels left.
You knew the following spells:

 Your Spells              Type           Power      Damage    Failure   Level
a - Magic Dart            Conj           60%        1d6       3%          1
b - Mephitic Cloud        Conj/Alch/Air  9%         N/A       22%         3
c - Call Imp              Summ           20%        N/A       10%         2
d - Blink                 Tloc           20%        N/A       10%         2

Your spell library contained the following spells:

 Spells                   Type           Power      Damage    Failure   Level
 Freeze                   Ice            24%        1d4       10%         1
 Slow                     Hex            24%        N/A       10%         1
 Cigotuvi's Dreadful Rot  Necr/Alch/Air  12%        N/A       16%         2
 Hailstorm                Conj/Ice       10%        3d6       19%         3
 Frozen Ramparts          Ice            12%        1d2       30%         3
 Inner Flame              Hex/Fire       6%         N/A       30%         3
 Irradiate                Conj/Alch      5%         3d13      86%         5
 Ignition                 Fire           3%         3d4       100%        8


Dungeon Overview and Level Annotations

Branches:
Dungeon (3/15)

Altars:
The Shining One

Annotations:
D:2 Scroll behind rock
D:3 Loot behind rock


Message History

The ice beast is heavily wounded.
Your cerulean imp barely misses the ice beast.
Casting: Magic Dart (safe; 3% risk of failure)
Confirm with . or Enter, or press ? or * to list all spells.
Aiming: Magic Dart (safe; 3% risk of failure)
Press: ? - help, Shift-Dir - straight line, f/p - ice beast
Aim: an ice beast (heavily wounded, ally target, 100% to hit)
The magic dart hits the ice beast.
The ice beast is severely wounded.
Casting: Magic Dart (safe; 3% risk of failure)
Confirm with . or Enter, or press ? or * to list all spells.
Aiming: Magic Dart (safe; 3% risk of failure)
Press: ? - help, Shift-Dir - straight line, f/p - ice beast
Aim: an ice beast (heavily wounded, ally target, 100% to hit)
The magic dart hits the ice beast.
The ice beast is severely wounded.
Your cerulean imp hits the ice beast from afar with a -3 spear.
Casting: Magic Dart (safe; 3% risk of failure)
Confirm with . or Enter, or press ? or * to list all spells.
Aiming: Magic Dart (safe; 3% risk of failure)
Press: ? - help, Shift-Dir - straight line, f/p - ice beast
Aim: an ice beast (severely wounded, ally target, 100% to hit)
The magic dart hits the ice beast.
The ice beast is severely wounded.
Unknown command.
You hit the ice beast.
The ice beast is almost dead.
The ice beast closely misses you.
Your cerulean imp hits the ice beast but does no damage.
You completely miss the ice beast.
The ice beast is severely wounded.
The ice beast hits you. The ice beast freezes you!
Your cerulean imp barely misses the ice beast.
Unknown command.
You hit the ice beast but do no damage.
The ice beast is severely wounded.
The ice beast hits you.
* * * LOW HITPOINT WARNING * * *
The ice beast freezes you!
You die...

####.###...# ###
#.###...###
#.........#
#########[# #.#
#.# .... #.# ..#.
#.# ..#.###.
#@#### #.#.....
#.Y.5######.#..##.
#.......#.........
#.......###.###...
#.................
##.......#########
#.......#
#.......##
##(......#


You could see an ice beast (ally target) and a friendly cerulean imp (summoned).

Vanquished Creatures
  A gnoll (D:1)
  3 adders
  2 ribbon worms (D:2)
  8 ball pythons
  An endoplasm (D:1)
  3 giant cockroaches
  7 hobgoblins (D:1)
  6 jackals (D:1)
  2 quokkas (D:1)
  A bat (D:1)
  4 frilled lizards
  11 goblins
  4 kobolds (D:2)
  4 rats
57 creatures vanquished.

Vanquished Creatures (collateral kills)
  A ribbon worm (D:2)
  A hobgoblin (D:2)
  A quokka (D:2)
  A frilled lizard (D:2)
  A rat (D:2)
5 creatures vanquished.

Grand Total: 62 creatures vanquished

Notes
Turn   | Place    | Note
-------+----------+-------------------------------------------
     0 | D:1      | pokeman the Deep Elf Hedge Wizard began the quest for the
                  | Orb.
     0 | D:1      | Reached XP level 1. HP: 10/10 MP: 7/7
   290 | D:1      | Reached XP level 2. HP: 15/15 MP: 6/9
   596 | D:1      | Reached skill level 5 in Spellcasting
   675 | D:1      | Reached XP level 3. HP: 20/20 MP: 4/11
   682 | D:1      | Learned a level 3 spell: Mephitic Cloud
   685 | D:1      | Learned a level 2 spell: Call Imp
   688 | D:1      | Learned a level 2 spell: Blink
  1467 | D:1      | Reached skill level 1 in Fighting
  1511 | D:1      | Reached skill level 1 in Armour
  1797 | D:1      | Found a glowing golden altar of the Shining One.
  2007 | D:2      | Reached XP level 4. HP: 19/25 MP: 6/13
  2940 | D:3      | Noticed an ice beast
  2972 | D:3      | Mangled by an ice beast

Illustrated notes

Levels and vault maps discovered:
D:1:      dpeg_arrival_water_altar, layout_basic
D:2:      layout_rooms, minmay_surrounded
D:3:      layout_basic, mainiacjoe_overflow_boulevard, due_unseen_surprise

Skill      XL: |  1  2  3 |
---------------+----------+-----
Spellcasting   | 5 |  5.8
Fighting       | 1 |  1.0
Armour         | 1 |  1.0
Conjurations   | 2 |  2.3
Dodging        | |  2.8
Stealth        | |  2.9
Summonings     | |  1.1
Translocations | |  1.1

Action                     |  1- 3 |  4- 6 || total
---------------------------+-------+-------++-------
  Melee: Dagger            |       |    21 ||    21
   Cast: Magic Dart        |   112 |    34 ||   146
         Call Imp          |       |     7 ||     7
         Mephitic Cloud    |       |     5 ||     5
         Blink             |       |     1 ||     1
   Stab: Confused          |       |     4 ||     4
 Armour: Robe              |    11 |    13 ||    24
  Dodge: Dodged            |    15 |    10 ||    25

Table legend: (Time is in decaauts)
 A = Elapsed time spent in this place.
 B = Non-inter-level travel time spent in this place.
 C = Inter-level travel time spent in this place.
 D = Time resting spent in this place.
 E = Time spent auto-exploring this place.
 F = Levels seen in this place.
 G = Mean time per level.
                   A        B        C        D        E       F      G
               +--------+--------+--------+--------+--------+-----+--------+
         Total |   2973 |   2898 |     75 |     47 |   2457 |   3 |  991.0 |
       Dungeon |   2973 |   2898 |     75 |     47 |   2457 |   3 |  991.0 |
               +--------+--------+--------+--------+--------+-----+--------+

Top non-repeatable levels by time:
     D:1: 1917 daAuts
     D:2: 914 daAuts
     D:3: 141 daAuts
